 Dungeon Sprint DCSS version 0.24.0-13-gcf9b319 (webtiles) character file.

Game seed: 3858048952318608044, levelgen mode: deterministic

67865 Fang the Warrior (level 15, -10/169 HPs)
             Began as a Gargoyle Berserker on Nov 18, 2019.
             Was the Champion of Trog.
             Mangled by a yellow draconian
             ... wielding a +0 long sword
              (12 damage)
             ... in the Dungeon (Sprint V: "Ziggurat Sprint").
             The game lasted 00:08:12 (1709 turns).

Fang the Warrior (Gargoyle Berserker)               Turns: 1709, Time: 00:08:12

Health: -10/169    AC: 45    Str: 45    XL:     15   Next: 24%
Magic:  13/13      EV: 12    Int:  7    God:    Trog [******]
Gold:   0          SH: 35    Dex:  9    Spells: 14/14 levels left

rFire    + . .     SeeInvis +   F - +14 obsidian axe {chop, +Fly SInv *Curse} (curse)
rCold    . . .     Gourm    .   E - +18 shield of the Gong {rElec rN+ MR+ EV-5}
rNeg     + + .     Faith    .   b - +15 Maxwell's patent armour {-Cast -Tele rElec MR+ rCorr}
rPois    ∞         Spirit   .   (no helmet)
rElec    +         Reflect  .   x - scarf {cloud immunity}
rCorr    +         Harm     .   (no gloves)
MR       +++++     NoTele   +   J - +2 pair of boots {run} Stlth ..........NoCast +
                                M - amulet of Modesty {-Tele +Rage +Fly rF+ Slay+2}
HPRegen  1.38/turn              D - +6 ring of strength
MPRegen  0.13/turn              C - +6 ring of strength

@: berserking, corroded, mesmerised, regenerating, studying Invocations, very
quick
A: big wings, low mp 1, negative energy resistance 1, electricity resistance,
unbreathing, petrification resistance, rot immunity, AC +11
a: Fly, Berserk, Trog's Hand, Brothers in Arms, Renounce Religion, Evoke Berserk
Rage, Evoke Flight


You were in the Dungeon.
You worshipped Trog.
Trog was exalted by your worship.
You were very hungry.

You visited 1 branch

Inventory:

Hand Weapons
 a - a +5 broad axe of draining
 z - a +6 vampiric broad axe
 F - the cursed +14 obsidian axe (weapon) {chop, +Fly SInv *Curse}
   (You found it in the Dungeon)

   It inflicts extra damage upon your enemies.
   It lets you see invisible.
   It lets you fly.
   It curses itself when equipped.
   It has a curse placed upon it.
 S - a +5 broad axe of electrocution
Armour
 b - the +15 Maxwell's patent armour (worn) {-Cast -Tele rElec MR+ rCorr}
   (You found it in the Dungeon)

   It insulates you from electricity.
   It affects your resistance to hostile enchantments.
   It prevents spellcasting.
   It prevents most forms of teleportation.
   It provides partial protection from all sources of acid and corrosion.
 x - a scarf of cloud immunity (worn)
 E - the +18 shield of the Gong (worn) {rElec rN+ MR+ EV-5}
   (You found it in the Dungeon)

   It affects your evasion (-5).
   It insulates you from electricity.
   It protects you from negative energy.
   It affects your resistance to hostile enchantments.
 J - a +2 pair of boots of running (worn)
Jewellery
 o - an uncursed amulet of guardian spirit
 y - an uncursed amulet of regeneration
 A - the ring "Caupeh" {rPois rF+ rN+ MR-}
   (You found it in the Dungeon)

   [ring of protection from fire]

   It protects you from fire.
   It protects you from poison.
   It protects you from negative energy.
   It affects your resistance to hostile enchantments.
 B - an uncursed ring of ice
 C - a +6 ring of strength (right hand)
 D - a +6 ring of strength (left hand)
 G - an uncursed ring of resist corrosion
 H - an uncursed ring of ice
 I - an uncursed amulet of magic regeneration
 L - a +1 ring of evasion
 M - the amulet of Modesty (around neck) {-Tele +Rage +Fly rF+ Slay+2}
   (You found it in the Dungeon)

   [amulet of rage]

   It affects your accuracy and damage with ranged weapons and melee attacks
   (+2).
   It protects you from fire.
   It lets you fly.
   It lets you go berserk.
   It prevents most forms of teleportation.
 N - the ring of the Ageless Suns {rPois rC+ MP+9 Str-2 Int+3}
   (You found it in the Dungeon)

   [ring of intelligence]

   It affects your strength (-2).
   It affects your intelligence (+3).
   It protects you from cold.
   It protects you from poison.
   It affects your magic capacity (+9).
 Q - a +3 amulet of reflection
 R - the ring "Usoufejo" {rF- rC+ MR++ MP+9 Dex+2}
   (You took it off an orc warrior in the Dungeon)

   [ring of magical power]

   It affects your dexterity (+2).
   It makes you vulnerable to fire.
   It protects you from cold.
   It affects your resistance to hostile enchantments.
   It affects your magic capacity (+9).
Wands
 u - a wand of disintegration (7)
 v - a wand of iceblast (7)
 w - a wand of acid (7)
Scrolls
 i - 4 scrolls of blinking
 j - 7 scrolls of fog
 k - a scroll of holy word
 l - 5 scrolls of identify
 m - 4 scrolls of remove curse
 n - 2 scrolls of fear
 O - a scroll of acquirement
 P - 4 scrolls of enchant armour
Potions
 d - 10 potions of curing
 e - 10 potions of heal wounds
 f - 6 potions of haste
 h - 3 potions of berserk rage
 p - 2 potions of invisibility
 q - 4 potions of resistance
 r - a potion of experience
 s - 5 potions of agility
 t - 6 potions of might
Books
 K - a manual of Invocations
Comestibles
 c - 9 rations
 g - a chunk of flesh


   Skills:
 + Level 20.4 Fighting
 + Level 17.7 Axes
 + Level 20.3 Armour
 + Level 17.5 Dodging
 + Level 18.7 Shields


You had 14 spell levels left.
You didn't know any spells.
Your spell library was empty.

Dungeon Overview and Level Annotations

Branches:
Dungeon (1/1)

Altars:
Ashenzari
Cheibriados
Dithmenos
Elyvilon
Fedhas
Gozag
Hepliaklqana
Kikubaaqudgha
Makhleb
Nemelex Xobeh
Okawaru
Qazlal
Ru
Sif Muna
Trog
Uskayaw
Vehumet
Wu Jian
Xom
Yredelemnul
Zin
The Shining One
Beogh
Jiyva
Lugonu


Innate Abilities, Weirdness & Mutations

You are resistant to torment.
Your stone body is resilient. (AC +11)
You are immune to poison.
Your large and strong wings let you fly indefinitely.
You resist negative energy. (rN+)
You are resistant to electric shocks. (rElec)
You can survive without breathing.
You are immune to petrification.
You are immune to rotting.
Your magical capacity is low. (-10% MP)


Message History

* * * LOW HITPOINT WARNING * * *
The purple draconian hits you but does no damage.
The yellow draconian hits you but does no damage.
The black draconian hits you but does no damage.
You slice the yellow draconian!!
You kill the yellow draconian!
Trog accepts your kill. Something appears at your feet!
Trog grants you a weapon!
You completely miss the purple draconian.
You slash the green draconian! You open a gate to Pandemonium!
A demon appears!
Your Maxwell's patent armour prevents you from hitting the yellow draconian monk.
You slash the yellow draconian!
Visions of slaying the yellow draconian flood into your mind.
You block the purple draconian's attack.
PTOANNNG!
You block the purple draconian's attack.
BONNNG!
The yellow draconian hits you with a +0 long sword!
You die...

▓..)||}. ▓..)).|[}.||.).
▓.....).
▓..)))}):))):|..▓.......
▓......||:......▓....)).
▓..q............▓.....))
▓.....§.d.......▓.....))
▓..k.kdddd......▓.......
▓....d.qdd......▓..▓....
▓....qd@).......▓.......
▓.....)d3§......▓.......
▓...▓.3.3...▓...▓......©
▓.. ▓▓...§§▓▓ .▓▓▓▓▓▓▓▓
▓...▓.......▓...▓.....8©
...............▓.))}..)
.......©.......▓...}.[[
▓▓▓▓▓▓▓▓▓▓▓▓▓▓▓▓...)...
▓.......


You could see a yellow draconian monk, 2 draconians, 2 draconians, a green
draconian, 4 draconians, a red draconian, a black draconian shifter, a purple
draconian stormcaller, a rime drake, a swamp drake, a friendly soul eater, a
friendly sixfirhy and a friendly smoke demon.

Vanquished Creatures
  3 quicksilver dragons (D)
  A deep elf blademaster (D)
  A deep elf master archer (D)
  An iron dragon (D)
  A balrug (D)
  A draconian knight (D)
  A deep elf sorcerer (D)
  An orc warlord (D)
  A reaper (D)
  A stone giant (D)
  A deep elf demonologist (D)
  4 yellow draconians (D)
  3 purple draconians (D)
  A deep elf annihilator (D)
  3 white draconians (D)
  An ettin (D)
  A crystal guardian (D)
  A death ooze (D)
  A great orb of eyes (D)
  2 deep elf high priests (D)
  An ogre mage (D)
  A naga warrior (D)
  An anaconda (D)
  A two-headed ogre (D)
  3 dancing weapons (D)
  An orc high priest (D)
  A shock serpent (shapeshifter) (D)
  A deep elf knight (D)
  3 iron golems (D)
  A death drake (shapeshifter) (D)
  A sea snake (shapeshifter) (D)
  A glowing orange brain (D)
  A swamp dragon (shapeshifter) (D)
  A deep troll (shapeshifter) (D)
  A harpy (shapeshifter) (D)
  An orc sorcerer (D)
  An orc knight (D)
  7 deep elf magi (D)
  3 ugly things (D)
  A cyclops (D)
  A manticore (shapeshifter) (D)
  3 slime creatures (D)
  3 shining eyes (D)
  6 draconians (D)
  A guardian serpent (D)
  2 naga magi (D)
  2 black mambas (D)
  An eye of devastation (D)
  A hellion (D)
  2 queen bees (shapeshifter) (D)
  5 red devils (D)
  6 merfolk (D)
  A snapping turtle (shapeshifter) (D)
  2 blink frogs (shapeshifter) (D)
  2 hippogriffs (D)
  A shadow (D)
  2 hogs (shapeshifter) (D)
  A wraith (D)
  A fire elemental (D)
  A fire bat (D)
  A human (shapeshifter) (D)
  2 neqoxecs (D)
  2 wargs (D)
  A swamp worm (shapeshifter) (D)
  2 nagas (D)
  A hell hound (D)
  2 water moccasins (D)
  2 porcupines (D)
  4 orc warriors (D)
  A necrophage (D)
  2 ogres (D)
  A centaur (D)
  3 earth elementals (D)
  2 wights (D)
  A crimson imp (D)
  2 jellies (D)
  An orc priest (D)
  An orc wizard (D)
  3 adders (D)
  An ufetubus (D)
  2 oozes (D)
  An adder skeleton (D)
  An adder zombie (D)
  A worm (shapeshifter) (D)
  2 ball pythons (D)
  A bat zombie (D)
  A ball python zombie (D)
  A giant cockroach zombie (D)
  A jackal skeleton (D)
  2 jackal zombies (D)
  A leopard gecko skeleton (D)
155 creatures vanquished.

Vanquished Creatures (collateral kills)
  2 black draconians (D)
  A white draconian (D)
  2 death oozes (D)
  A great orb of eyes (D)
  An anaconda (D)
  A sun demon (D)
  A glowing orange brain (D)
  A flayed ghost (D)
  A deep elf archer (D)
  An orc knight (D)
  A manticore (shapeshifter) (D)
  2 deep elf magi (D)
  A komodo dragon (shapeshifter) (D)
  4 merfolk (D)
  2 hippogriffs (D)
  A redback (shapeshifter) (D)
  A neqoxec (D)
  A chaos spawn (D)
  A naga (D)
  An orc warrior (D)
  2 phantoms (D)
  An eye of draining (D)
  A wolf (D)
  2 centaurs (D)
  An earth elemental (D)
  A jelly (D)
  An iguana (D)
  An adder (D)
  A shadow imp (D)
  A white imp (D)
  An ooze (D)
  A jackal skeleton (D)
41 creatures vanquished.

Vanquished Creatures (others)
  An adder zombie (D)
  A bat zombie (D)
  A jackal zombie (D)
3 creatures vanquished.

Grand Total: 199 creatures vanquished

Notes
Turn   | Place    | Note
-------+----------+-------------------------------------------
     0 | D        | Fang the Gargoyle Berserker began the quest for the Orb.
     0 | D        | Reached XP level 1. HP: 14/14 MP: 1/1
     1 | D        | Found a blossoming altar of Fedhas.
     2 | D        | Found the +6 Majin-Bo {vamp, Archmagi MP+6 Int+6}
     2 | D        | Found the +7 great mace "Firestarter" {inner flame, rF++}
     3 | D        | Found a viscous altar of Jiyva.
     3 | D        | Found a hazy altar of Hepliaklqana.
     3 | D        | Found a transporter.
     3 | D        | Found an opulent altar of Gozag.
     3 | D        | Found an ancient bone altar of Kikubaaqudgha.
     3 | D        | Found a corrupted altar of Lugonu.
    15 | D        | Found a burning altar of Makhleb.
    17 | D        | Found a stormy altar of Qazlal.
    17 | D        | Found an iron altar of Okawaru.
    17 | D        | Found a sacrificial altar of Ru.
    17 | D        | Found a sparkling altar of Nemelex Xobeh.
    17 | D        | Found a shimmering blue altar of Sif Muna.
    17 | D        | Found a bloodstained altar of Trog.
    24 | D        | Found the +9 heavy crossbow "Sniper" {velocity, Acc+∞ SInv}
    24 | D        | Found the +10 dark maul {crush}
    24 | D        | Found the +15 Maxwell's patent armour {-Cast -Tele rElec
                  | MR+ rCorr}
    24 | D        | Found the +18 shield of the Gong {rElec rN+ MR+ EV-5}
    24 | D        | Found the cursed +14 obsidian axe {chop, +Fly SInv *Curse}
    80 | D        | Entered arena 2.
    80 | D        | Noticed a white ugly thing
    80 | D        | Found a transporter.
    86 | D        | Killed a white ugly thing
    86 | D        | Reached XP level 2. HP: 26/26 MP: 2/2
    86 | D        | Reached XP level 3. HP: 30/30 MP: 3/3
    86 | D        | Reached XP level 4. HP: 36/36 MP: 4/4
    86 | D        | Reached XP level 5. HP: 40/40 MP: 5/5
    86 | D        | Reached XP level 6. HP: 45/45 MP: 6/6
    93 | D        | Entered arena 3.
    93 | D        | Noticed a merfolk
    93 | D        | Noticed a merfolk
    93 | D        | Noticed a merfolk
    93 | D        | Found a transporter.
   102 | D        | Killed a merfolk
   102 | D        | Reached ** piety under Trog
   102 | D        | Reached XP level 7. HP: 39/51 MP: 7/7
   106 | D        | Killed a merfolk
   108 | D        | Killed a merfolk
   108 | D        | Reached skill level 10 in Fighting
   108 | D        | Reached XP level 8. HP: 45/57 MP: 8/8
   115 | D        | Entered arena 4.
   115 | D        | Found a transporter.
   116 | D        | Reached *** piety under Trog
   118 | D        | Reached skill level 1 in Shields
   119 | D        | Reached skill level 10 in Armour
   244 | D        | Entered arena 5.
   244 | D        | Found a transporter.
   246 | D        | Reached **** piety under Trog
   260 | D        | Entered arena 6.
   260 | D        | Found a transporter.
   263 | D        | Reached ***** piety under Trog
   265 | D        | Received a gift from Trog
   274 | D        | Got the ring of Atheism {Wiz Dex+2}
   278 | D        | Entered arena 7.
   278 | D        | Noticed a hippogriff
   278 | D        | Noticed a hippogriff
   278 | D        | Noticed a merfolk
   278 | D        | Noticed a merfolk
   278 | D        | Noticed a hippogriff
   278 | D        | Noticed a merfolk
   279 | D        | Found the macabre finger necklace {rN+}
   279 | D        | Identified the +7 trident of Subterfuge {protect, +Rage
                  | +Fly Int+4}
   279 | D        | Found a transporter.
   282 | D        | Killed a hippogriff
   283 | D        | Killed a hippogriff
   283 | D        | Reached XP level 9. HP: 63/64 MP: 9/9
   288 | D        | Killed a merfolk
   288 | D        | Reached skill level 5 in Shields
   290 | D        | Killed a merfolk
   290 | D        | Received a gift from Trog
   292 | D        | Killed a merfolk
   328 | D        | Entered arena 8.
   328 | D        | Noticed a sun demon
   329 | D        | Found a transporter.
   332 | D        | Reached skill level 10 in Axes
   332 | D        | Killed a sun demon
   335 | D        | Received a gift from Trog
   359 | D        | Entered arena 9.
   359 | D        | Noticed a deep elf mage
   359 | D        | Noticed a deep elf archer
   359 | D        | Noticed a deep elf mage
   359 | D        | Noticed a deep elf mage
   359 | D        | Noticed a +6 halberd of protection
   360 | D        | Found a transporter.
   364 | D        | Killed a +6 halberd of protection
   364 | D        | Reached XP level 10. HP: 41/72 MP: 10/10
   367 | D        | Killed a deep elf mage
   372 | D        | Killed a deep elf mage
   372 | D        | Reached ****** piety under Trog
   372 | D        | Reached skill level 10 in Dodging
   378 | D        | Killed a deep elf mage
   378 | D        | Received a gift from Trog
   380 | D        | Killed a deep elf archer
   452 | D        | Entered arena 10.
   452 | D        | Noticed a yellow draconian
   452 | D        | Noticed a draconian
   452 | D        | Noticed a draconian
   452 | D        | Noticed a draconian
   452 | D        | Noticed a draconian
   452 | D        | Noticed a draconian
   452 | D        | Noticed a draconian
   452 | D        | Noticed a black draconian
   453 | D        | Found a transporter.
   458 | D        | Killed a draconian
   459 | D        | Killed a draconian
   460 | D        | Killed a draconian
   460 | D        | Reached XP level 11. HP: 78/78 MP: 11/11
   463 | D        | Killed a draconian
   464 | D        | Killed a draconian
   464 | D        | Received a gift from Trog
   464 | D        | Reached skill level 10 in Shields
   467 | D        | Killed a draconian
   467 | D        | Killed a yellow draconian
   470 | D        | Killed a black draconian
   517 | D        | Entered arena 11.
   517 | D        | Noticed a cyclops
   518 | D        | Found a transporter.
   523 | D        | Killed a cyclops
   523 | D        | Received a gift from Trog
   527 | D        | Received a gift from Trog
   546 | D        | Identified a +2 pair of boots of running (You found it in
                  | the Dungeon)
   564 | D        | Entered arena 12.
   564 | D        | Noticed a swamp dragon
   564 | D        | Noticed a wolf spider
   564 | D        | Noticed a two-headed ogre
   564 | D        | a slime creature changed into a two-headed ogre
   564 | D        | a swamp dragon changed into a swamp worm
   564 | D        | Noticed a shining eye
   565 | D        | Noticed a deep troll
   566 | D        | Found a transporter.
   566 | D        | Noticed a death drake
   566 | D        | a two-headed ogre changed into a water nymph
   566 | D        | Noticed a deep troll
   566 | D        | a swamp worm changed into a deep troll
   566 | D        | a wolf spider changed into a snapping turtle
   567 | D        | Noticed a swamp dragon
   567 | D        | a water nymph changed into a swamp dragon
   569 | D        | a death drake changed into a tarantella
   571 | D        | Noticed a manticore
   571 | D        | a deep troll changed into a manticore
   572 | D        | Killed a shining eye
   573 | D        | Noticed a shock serpent
   573 | D        | a swamp dragon changed into a shock serpent
   574 | D        | Killed a deep troll
   574 | D        | Killed a manticore
   576 | D        | Noticed a salamander
   576 | D        | a komodo dragon changed into a salamander
   579 | D        | Killed a shock serpent
   579 | D        | Noticed a harpy
   579 | D        | a salamander changed into a harpy
   580 | D        | Received a gift from Trog
   580 | D        | a harpy changed into a komodo dragon
   621 | D        | Got the ring of the Ageless Suns {rPois rC+ MP+9 Str-2
                  | Int+3}
   625 | D        | Entered arena 13.
   625 | D        | Noticed an iron golem
   625 | D        | Noticed a quicksilver dragon
   625 | D        | Noticed an iron golem
   625 | D        | Noticed a quicksilver dragon
   625 | D        | Noticed a crystal guardian
   626 | D        | Found the +7 Spriggan's Knife {stab, EV+4 Stlth+}
   626 | D        | Found the +5 demon whip "Spellbinder" {antimagic, MR+}
   626 | D        | Noticed a quicksilver dragon
   626 | D        | Noticed an iron golem
   626 | D        | Noticed an iron dragon
   627 | D        | Found a transporter.
   632 | D        | HP: 6/120 [quicksilver dragon/bolt of dispelling energy
                  | (29)]
   633 | D        | Killed a quicksilver dragon
   633 | D        | Reached skill level 15 in Fighting
   633 | D        | Reached skill level 15 in Armour
   633 | D        | Reached XP level 12. HP: 6/87 MP: 12/12
   634 | D        | Killed a quicksilver dragon
   637 | D        | Killed an iron dragon
   642 | D        | Killed a quicksilver dragon
   642 | D        | Killed a crystal guardian
   642 | D        | Killed an iron golem
   646 | D        | Killed an iron golem
   646 | D        | Received a gift from Trog
   647 | D        | Killed an iron golem
   772 | D        | Entered arena 14.
   777 | D        | Found a transporter.
   782 | D        | Received a gift from Trog
   812 | D        | Entered arena 15.
   814 | D        | Gained mutation: Your magical capacity is low. (-10% MP) [a
                  | neqoxec]
   815 | D        | Found the +8 demon blade "Bloodbane" {slice, *Rage +Rage
                  | Stlth-}
   815 | D        | Found the +3 giant club "Skullcrusher" {speed, Str+7}
   815 | D        | Found a transporter.
   818 | D        | Reached XP level 13. HP: 95/95 MP: 11/11
   825 | D        | Received a gift from Trog
   878 | D        | Entered arena 16.
   881 | D        | Identified the +10 hunting sling "Demonbane" {freeze, rF++
                  | MP-9 Str+8 Dex-2}
   881 | D        | Found a transporter.
   882 | D        | Received a gift from Trog
   884 | D        | Reached skill level 15 in Dodging
   885 | D        | Received a gift from Trog
   889 | D        | Received a gift from Trog
   890 | D        | Reached skill level 15 in Shields
   905 | D        | Got the amulet of Modesty {-Tele +Rage +Fly rF+ Slay+2}
   928 | D        | Entered arena 17.
   931 | D        | Noticed a balrug
   932 | D        | Noticed a reaper
   933 | D        | Found a transporter.
   937 | D        | Reached skill level 15 in Axes
   940 | D        | Killed a balrug
   941 | D        | Received a gift from Trog
   948 | D        | Killed a reaper
   963 | D        | Got the ring "Caupeh" {rPois rF+ rN+ MR-}
  1086 | D        | Entered arena 18.
  1089 | D        | Noticed a deep elf demonologist
  1089 | D        | Noticed a deep elf annihilator
  1089 | D        | Noticed a deep elf high priest
  1089 | D        | Noticed a deep elf blademaster
  1089 | D        | Noticed a deep elf sorcerer
  1089 | D        | Noticed a deep elf master archer
  1090 | D        | Noticed a deep elf high priest
  1091 | D        | Found a transporter.
  1095 | D        | Killed a deep elf annihilator
  1095 | D        | Received a gift from Trog
  1096 | D        | Received a gift from Trog
  1101 | D        | Killed a deep elf sorcerer
  1103 | D        | Killed a deep elf master archer
  1103 | D        | Gained mutation: Your large and strong wings let you fly
                  | indefinitely. [Gargoyle growth]
  1103 | D        | Reached XP level 14. HP: 63/104 MP: 12/12
  1104 | D        | Received a gift from Trog
  1106 | D        | Received a gift from Trog
  1107 | D        | Killed a deep elf blademaster
  1112 | D        | Killed a deep elf demonologist
  1449 | D        | Entered arena 19.
  1452 | D        | Noticed an orc warlord
  1452 | D        | Noticed a stone giant
  1453 | D        | Identified the ring "Usoufejo" {rF- rC+ MR++ MP+9 Dex+2}
  1456 | D        | Received a gift from Trog
  1457 | D        | Found a transporter.
  1464 | D        | Killed a stone giant
  1464 | D        | Received a gift from Trog
  1467 | D        | Killed an orc warlord
  1468 | D        | Received a gift from Trog
  1481 | D        | Received a gift from Trog
  1566 | D        | Entered arena 20.
  1573 | D        | Found a transporter.
  1579 | D        | Received a gift from Trog
  1591 | D        | Received a gift from Trog
  1685 | D        | Entered arena 21.
  1689 | D        | Noticed a white draconian
  1689 | D        | Noticed a purple draconian
  1689 | D        | Noticed a yellow draconian
  1689 | D        | Noticed a white draconian
  1689 | D        | Noticed a black draconian
  1689 | D        | Noticed a black draconian
  1689 | D        | Noticed a yellow draconian
  1689 | D        | Noticed a yellow draconian monk
  1689 | D        | Noticed a yellow draconian
  1689 | D        | Noticed a purple draconian
  1689 | D        | Noticed a purple draconian
  1690 | D        | Noticed a red draconian
  1691 | D        | Noticed a white draconian
  1691 | D        | Noticed a purple draconian
  1691 | D        | Noticed a green draconian
  1691 | D        | Noticed a white draconian
  1691 | D        | Noticed a black draconian
  1691 | D        | Noticed a yellow draconian
  1691 | D        | Noticed a purple draconian knight
  1691 | D        | Noticed a purple draconian
  1691 | D        | Noticed a yellow draconian
  1691 | D        | Noticed a purple draconian stormcaller
  1692 | D        | Noticed a purple draconian
  1692 | D        | Noticed a purple draconian
  1693 | D        | Noticed a black draconian shifter
  1697 | D        | Killed a yellow draconian
  1698 | D        | Killed a purple draconian
  1699 | D        | Killed a yellow draconian
  1700 | D        | Killed a white draconian
  1700 | D        | Reached XP level 15. HP: 68/112 MP: 13/13
  1701 | D        | Received a gift from Trog
  1706 | D        | Killed a purple draconian knight
  1707 | D        | HP: 7/169 [acid (7)]
  1708 | D        | HP: 1/169 [acid (6)]
  1709 | D        | Received a gift from Trog
  1709 | D        | Mangled by a yellow draconian

Levels and vault maps discovered:
D:        sprint_v [room_start, room_1, room_2, room_3, room_4, room_5, room_6,
          room_7, room_8, room_9, room_10, room_11, room_12, room_13, room_14,
          room_15, room_16, room_17, room_18, room_19, room_20, room_21,
          room_22, room_23, room_24, room_25, room_26, room_27]

Skill      XL: |  1  2  3  4  5  6  7  8  9 10 11 12 13 14 15 |
---------------+----------------------------------------------+-----
Axes           | 7 8 9 10 11 13 14 15 17 | 17.7
Dodging        | 6 7 8 9 10 12 14 15 17 | 17.5
Fighting       | 8 9 10 11 12 13 15 16 18 20 | 20.4
Armour         | 8 9 10 12 13 15 16 18 19 20 | 20.3
Shields        | 4 7 9 12 13 16 18 | 18.7

Action                   |  1- 3 |  4- 6 |  7- 9 | 10-12 | 13-15 || total
-------------------------+-------+-------+-------+-------+-------++-------
Melee: Broad axe         |     5 |     6 |    31 |    74 |   119 ||   235
Invok: Berserk           |       |       |     1 |     4 |     5 ||    10
       Trog's Hand       |       |       |       |       |     1 ||     1
  Use: Scroll            |       |       |     1 |     1 |     5 ||     7
 Stab: Distracted        |       |       |     1 |       |     1 ||     2
  Eat: Chunk             |       |       |       |     3 |     8 ||    11
Armor: Plate armour      |     3 |     7 |    16 |    33 |    55 ||   114
Dodge: Dodged            |     1 |     2 |     5 |    14 |    21 ||    43
Block: Shield            |     5 |    15 |    62 |   118 |   185 ||   385
